 Dungeon Crawl Stone Soup version 0.28.0-47-ge53b351184 (webtiles) character file.

Game seed: 2459044360029838451

1 NinjaNoafa the Charlatan (level 1, -1/16 HPs)
             Began as a Draconian Artificer on Apr 28, 2022.
             Slain by a kobold
             ... wielding a +0 whip
              (3 damage)
             ... on level 1 of the Dungeon.
             The game lasted 00:00:24 (46 turns).

NinjaNoafa the Charlatan (Draconian Artificer)        Turns: 46, Time: 00:00:25

Health: -1/16      AC:  4    Str: 14    XL:     1   Next: 16%
Magic:  1/1        EV: 12    Int: 11    God:
Gold:   16         SH:  0    Dex: 11    Spells: 0/0 levels left

rFire   . . .      SeeInvis .   a - +0 club
rCold   . . .      Faith    .   (no shield)
rNeg    . . .      Spirit   .   (armour unavailable)
rPois   .          Reflect  .   (helmet restricted)
rElec   .          Harm     .   (no cloak)
rCorr   .          Rampage  .   (no gloves)
Will    .....                   (no boots)
Stlth   +.........              (no amulet)
HPRegen 0.05/turn               (no ring)
MPRegen 0.07/turn               (no ring)

@: no status effects
A: AC +4, unfitting armour, cold-blooded
a: no special abilities


You were on level 1 of the Dungeon.
You visited 1 branch of the dungeon, and saw 1 of its levels.

You collected 16 gold pieces.

Inventory:

Hand Weapons
 a - a +0 club (weapon)
Wands
 b - a wand of flame (13) (quivered)
 c - a wand of charming (15)
Miscellaneous
 d - a piece from Xom's chessboard (15/15)


   Skills:
 + Level 1.1 Fighting
 + Level 2.1 Dodging
 + Level 0.9 Stealth
 + Level 3.0 Evocations


You couldn't memorise any spells.
You didn't know any spells.
Your spell library was empty.

Dungeon Overview and Level Annotations

Branches:
Dungeon (1/15)

Altars:


Innate Abilities, Weirdness & Mutations

Your plain brown scales are hard. (AC +4)
You cannot fit into any form of body armour.
You are cold-blooded and may be slowed by cold attacks.


Message History

A kobold comes into view. It is wielding a +0 whip.
You barely miss the hobgoblin. The hobgoblin barely misses you.
You barely miss the hobgoblin. The hobgoblin barely misses you.
You closely miss the hobgoblin.
The hobgoblin hits you but does no damage.
Your library has no spells.
Unknown command.
You hit the hobgoblin but do no damage.
Your tail-slap misses the hobgoblin.
The hobgoblin closely misses you. The hobgoblin hits you.
The kobold hits you with a +0 whip.
You hit the hobgoblin.
The hobgoblin is almost dead.
The hobgoblin misses you. The kobold hits you with a +0 whip.
You are too injured to fight recklessly!
The kobold throws a stone.
The stone hits you but does no damage.
You hit the hobgoblin.
You kill the hobgoblin!
Aiming: Throw Flame
Press: ? - help, Shift-Dir - straight line, f - kobold
Aim: a kobold, wielding a +0 whip and quivering stones (64% to hit)
The puff of flame hits the kobold.
The kobold is severely wounded.
The kobold closely misses you.
The kobold throws a stone.
The stone hits you but does no damage.
Aiming: Throw Flame
Press: ? - help, Shift-Dir - straight line, f/p - kobold
Aim: a kobold, wielding a +0 whip and quivering stones (severely wounded, 64% to hit)
The puff of flame misses the kobold.
The kobold throws a stone.
The stone closely misses you. The kobold hits you with a +0 whip.
* * * LOW HITPOINT WARNING * * *
You barely miss the kobold.
The kobold is severely wounded.
The kobold hits you but does no damage.
You hit the kobold but do no damage.
The kobold is severely wounded.
The kobold hits you with a +0 whip.
* * * LOW HITPOINT WARNING * * *
The kobold hits you with a +0 whip.
You die...

##### ######
....####.....
....##..... #
...##...# #.
#..##..# #..
##..##..## .
#...##...##...##...
#.........†........
#.......@K.......#
######..##..######
######..##..#####
##........<.......
#.................
#...##...##...##..
#..####..##..## .
#..####..# ..#
#...##...# ...


You could see a kobold.

Vanquished Creatures
  A hobgoblin (D:1)
1 creature vanquished.

Notes
Turn   | Place    | Note
-------+----------+-------------------------------------------
     0 | D:1      | NinjaNoafa the Draconian Artificer began the quest for the
                  | Orb.
     0 | D:1      | Reached XP level 1. HP: 16/16 MP: 1/1
    46 | D:1      | Slain by a kobold

Illustrated notes

Levels and vault maps discovered:
D:1:      minmay_arrival_four_loops, layout_basic, chequers_arboretum

Action                   || total
-------------------------++-------
Melee: Club              ||     8
Evoke: Wand              ||     2
Armor: Skin              ||     4
Dodge: Dodged            ||     6
